 Dungeon Crawl Stone Soup version 0.27-a0-1555-g0e7b3fb1d2 (webtiles) character file.

Game seed: 13888331201285331347

23380 Morbidden the Carver (level 12, -14/92 HPs)
             Began as a Demonspawn Fighter on July 14, 2021.
             Was a High Priest of Cheibriados.
             Killed from afar by Frances (63 damage)
             ... with an iron shot
             ... on level 13 of the Dungeon.
             The game lasted 00:25:17 (15580 turns).

Morbidden the Carver (Demonspawn Fighter)          Turns: 15580, Time: 00:25:17

Health: -14/92     AC: 28    Str: 31    XL:     12   Next: 71%
Magic:  0/21       EV:  8    Int: 25    God:    Cheibriados [*****.]
Gold:   852        SH: 13    Dex: 24    Spells: 20/23 levels left

rFire    + . .     SeeInvis .   E - +8 Vampire's Tooth {vamp}
rCold    + . .     Faith    .   c - +0 kite shield
rNeg     . . .     Spirit   +   t - +6 crystal plate armour "Luosecs" {rPois Str+3}
rPois    +         Reflect  .   (no helmet)
rElec    +         Harm     .   (no cloak)
rCorr    +         Rampage  .   z - +0 pair of gloves
Will     .....                  (no boots)
Stlth    ..........             q - amulet of magic regeneration
HPRegen  0.25/turn              (no ring)
MPRegen  0.59/turn              (no ring)

@: resistant, very slow
A: hooves 2, icy blue scales 2, magic shield, magic regeneration, demonic magic
1
a: Renounce Religion, Bend Time, Temporal Distortion, Slouch, Step From Time


You were on level 13 of the Dungeon.
You worshipped Cheibriados.
Cheibriados was extremely pleased with you.
You visited 2 branches of the dungeon, and saw 14 of its levels.
You also visited: Sewer, Ossuary and Bailey.

You collected 852 gold pieces.

Inventory:

Hand Weapons
 a - a +1 long sword
 b - a +1 dagger of venom
 E - the +8 Vampire's Tooth (weapon) {vamp}
   (You found it on level 8 of the Dungeon)

   It occasionally heals its wielder for the full amount of damage dealt when it
   wounds a living foe.
Missiles
 C - 5 boomerangs (quivered)
Armour
 c - a +0 kite shield (worn)
 k - the +4 pair of boots of Indomitability {rF- Int+6}
   (You found it in a bailey)

   Int:       It affects your intelligence (+6).
   rF:        It makes you vulnerable to fire.
 t - the +6 crystal plate armour "Luosecs" (worn) {rPois Str+3}
   (You found it on level 5 of the Dungeon)

   Str:       It affects your strength (+3).
   rPois:     It protects you from poison.
 z - a +0 pair of gloves (worn)
Jewellery
 q - an amulet of magic regeneration (around neck)
Wands
 y - a wand of iceblast (19)
 D - a wand of mindburst (26)
 H - a wand of flame (8)
Scrolls
 e - 9 scrolls of identify
 f - 4 scrolls of blinking
 h - 5 scrolls of enchant armour
 m - a scroll of fear
 o - a scroll of amnesia
 r - 4 scrolls of teleportation
Potions
 d - a potion of resistance
 g - 6 potions of might
 i - a potion of mutation {unknown}
 j - 3 potions of attraction
 l - 5 potions of flight
 n - a potion of ambrosia
 p - a potion of magic {unknown}
 s - a potion of degeneration {unknown}
 w - 4 potions of heal wounds
 x - a potion of invisibility
 B - 3 potions of curing
 G - 2 potions of brilliance {unknown}
 I - a potion of cancellation {unknown}
Miscellaneous
 F - a phial of floods (inert)


   Skills:
 * Level 7.9 Fighting
 + Level 5.4(7.8) Short Blades
 * Level 8.7(9.4) Long Blades
 + Level 2.6 Throwing
 + Level 7.0 Armour
 * Level 5.9 Dodging
 + Level 0.2 Stealth
 + Level 7.6 Shields
 * Level 6.1 Spellcasting
 * Level 7.2 Necromancy
 * Level 8.4 Invocations
 + Level 0.6 Evocations


You had 20 spell levels left.
You knew the following spells:

 Your Spells              Type           Power      Damage    Failure   Level
a - Vampiric Draining     Necr           21%        2d9       65%         3

Your spell library contained the following spells:

 Spells                   Type           Power      Damage    Failure   Level
 Animate Skeleton         Necr           86%        N/A       28%         1
 Sublimation of Blood     Necr           21%        N/A       41%         2
 Apportation              Tloc           14%        N/A       99%         1
 Corona                   Hex            7%         N/A       99%         1
 Magic Dart               Conj           28%        1d4       99%         1
 Summon Small Mammal      Summ           28%        N/A       99%         1
 Ensorcelled Hibernation  Hex/Ice        14%        N/A       100%        2
 Slow                     Hex            7%         N/A       100%        2
 Confusing Touch          Hex            7%         N/A       100%        3
 Gell's Gravitas          Tloc           3%         N/A       100%        3
 Lesser Beckoning         Tloc           3%         N/A       100%        3
 Spider Form              Tmut/Pois      3%         N/A       100%        3
 Teleport Other           Tloc           7%         N/A       100%        3
 Petrify                  Tmut/Erth      7%         N/A       100%        4
 Freezing Cloud           Conj/Ice/Air   3%         6-21      100%        5
 Irradiate                Conj/Tmut      3%         3d14      100%        5
 Yara's Violent Unravell  Hex/Tmut       3%         3d4       100%        5
 Shadow Creatures         Summ           N/A        N/A       100%        6
 Fire Storm               Conj/Fire      3%         8d1       100%        9


Dungeon Overview and Level Annotations

Branches:
Dungeon (13/15)            Temple (0/1) D:7            Lair (1/6) D:8
    Orc (0/2) D:9           Sewer (visited)         Ossuary (visited)
 Bailey (visited)
 Vaults: D:13-14

Altars:
Cheibriados
Fedhas
Kikubaaqudgha
Makhleb
Nemelex Xobeh
Ru
Sif Muna
Vehumet
Wu Jian
Xom
Yredelemnul
Zin

Shops:
D:2 ((!(   D:6 [   D:9 (

Portals:
Trove: D:12 (give 4 potions of resistance)

Annotations:
D:13 Frances


Innate Abilities, Weirdness & Mutations

You have hoof-like feet.
You are mostly covered in icy blue scales. (AC +3)
When hurt, damage is shared between your health and your magic reserves.
You regenerate magic rapidly.
Spells you cast may paralyse adjacent enemies.


Message History

The sixfirhy is heavily wounded.
Unknown command.
You hit the sixfirhy. Your kick misses the sixfirhy.
The sixfirhy is heavily wounded.
Unknown command.
Okay, then.
Aim the phial where?
Press: ? - help, Shift-Dir - straight line, f - sixfirhy
Aim: a sixfirhy (heavily wounded, summoned)
The torrent of water misses the sixfirhy.
The wave splashes down.
Splash!
You fall into the shallow water.
Moving in this stuff is going to be slow.
The sixfirhy is engulfed in water.
You hear a shout!
You hear an angry buzzing noise. x3
Unknown command.
Unknown command.
Unknown command.
The sixfirhy hits you but does no damage.
The sixfirhy completely misses you. The sixfirhy barely misses you.
The sixfirhy hits you. The sixfirhy shocks you!
Unknown command.
Unknown command.
You can feel time thicken for a moment.
You kill the sixfirhy!
Cheibriados lowers the support of your attributes as your movement quickens.
Frances mutters in a terrible tongue.
Frances seems to speed up.
Unknown command.
Unknown command.
Unknown command.
Okay, then.
Okay, then.
It was a potion of resistance.
You feel protected.
Frances mutters in a terrible tongue.
The iron shot hits you!!!
Ouch! That really hurt!
You die...

.#
...#.....#...#
.# #......#.#
.# #.......#..
## #..........
#....########
#...........#
#...........#
#...........#
#...@.......#
#....)≈≈....#
######@≈....#
#.....†≈....#
#...........#
#..se.......#
#...........#
#...@#......#
......#......#


You could see Frances (fast).

Vanquished Creatures
  2 hydras
  A boulder beetle (D:11)
  2 two-headed ogres
  A deep elf pyromancer (D:13)
  3 orc knights (Bailey)
  An ugly thing (D:12)
  3 cyclopes
  4 gargoyles
  2 cane toads (Lair:1)
  A kobold demonologist (D:11)
  2 unseen horrors
  Psyche (D:9)
  A troll (D:10)
  3 meliai (D:13)
  3 hornets
  11 slime creatures (D:12)
  Sigmund (D:2)
  3 shadows
  A wraith (D:9)
  A tarantella (shapeshifter) (D:13)
  A wyvern (D:11)
  A basilisk (D:12)
  5 yaks (Lair:1)
  Eustachio (D:5)
  A vampire (D:9)
  5 water moccasins
  10 orc warriors
  2 ice beasts
  3 ogres
  A black bear (Lair:1)
  2 necrophages
  7 centaurs
  2 phantoms (D:6)
  7 kobold brigands
  A gnoll sergeant (D:9)
  5 bullfrogs
  9 scorpions
  21 killer bees
  6 howler monkeys
  8 centaur zombies
  A lava snake (D:9)
  3 human zombies (Ossuary)
  3 hounds
  A jelly (D:7)
  7 orc priests
  A gnoll shaman (D:9)
  A bullfrog skeleton (D:3)
  A centaur skeleton (D:7)
  An iguana (D:7)
  Terence (D:2)
  7 orc wizards
  2 scorpion zombies (Ossuary)
  4 killer bee zombies
  3 hound skeletons (D:4)
  3 mummies (Ossuary)
  A howler monkey zombie (D:7)
  4 gnolls (D:9)
  10 adders
  2 ufetubi
  3 worms
  A dart slug (D:2)
  38 orcs
  9 ball pythons
  5 endoplasms
  6 giant cockroaches
  A gnoll zombie (Ossuary)
  8 goblins
  8 hobgoblins
  7 jackals
  28 kobolds
  A quokka (D:2)
  3 bats
  5 frilled lizards
  4 goblin zombies (Ossuary)
  3 hobgoblin zombies (Ossuary)
  A kobold zombie (Ossuary)
  3 orc zombies (Ossuary)
  9 rats
344 creatures vanquished.

Vanquished Creatures (others)
  A two-headed ogre (D:11)
  A jelly (D:6)
  2 orc wizards
  6 orcs (D:6)
  5 fungi
  16 plants
31 creatures vanquished.

Grand Total: 375 creatures vanquished

Notes
Turn   | Place    | Note
-------+----------+-------------------------------------------
     0 | D:1      | Morbidden the Demonspawn Fighter began the quest for the
                  | Orb.
     0 | D:1      | Reached XP level 1. HP: 18/18 MP: 1/1
   400 | D:1      | Gained mutation: You have large cloven feet. [demonic
                  | ancestry]
   400 | D:1      | Reached XP level 2. HP: 24/24 MP: 2/2
   927 | D:2      | Found a faded altar of an unknown god.
   936 | D:2      | Found Yfruanna's Antique Weapon Shoppe.
  1197 | D:2      | Reached XP level 3. HP: 26/29 MP: 3/3
  1245 | D:2      | Noticed Sigmund
  1264 | D:2      | Killed Sigmund
  1265 | D:2      | Reached XP level 4. HP: 16/37 MP: 4/4
  1265 | D:2      | Gained mutation: Spells you cast may paralyse adjacent
                  | enemies. [demonic ancestry]
  1265 | D:2      | Reached XP level 5. HP: 18/42 MP: 5/5
  1518 | D:2      | Found Caraig's Antique Weapon Shoppe.
  1643 | D:2      | Found Wiblipue's Distillery.
  1645 | D:2      | Found Sunuoxke's Antique Weapon Shoppe.
  1743 | D:2      | Noticed Terence
  1772 | D:2      | Killed Terence
  2820 | D:3      | Gained mutation: You are partially covered in icy blue
                  | scales. (AC +2) [demonic ancestry]
  2820 | D:3      | Reached XP level 6. HP: 39/48 MP: 6/6
  3057 | D:4      | Found a blossoming altar of Fedhas.
  3704 | D:4      | Reached skill level 1 in Short Blades
  3730 | D:4      | Got the Tome of Blows and Bruises and Curses
  3735 | D:4      | Learned a level 3 spell: Vampiric Draining
  4005 | D:5      | Entered Level 5 of the Dungeon
  4055 | D:4      | Reached skill level 1 in Spellcasting
  4055 | D:4      | Gained mutation: You regenerate magic rapidly. [demonic
                  | ancestry]
  4055 | D:4      | Reached XP level 7. HP: 25/54 MP: 6/8
  4227 | D:5      | Identified the +6 crystal plate armour "Luosecs" {rPois
                  | Str+3}
  4261 | D:5      | Found a sparkling altar of Nemelex Xobeh.
  4286 | D:5      | Found a snail-covered altar of Cheibriados.
  4332 | D:5      | Became a worshipper of Cheibriados the Contemplative
  4450 | D:5      | Reached skill level 1 in Dodging
  5340 | D:5      | Found a shimmering altar of Xom.
  5856 | D:5      | Noticed Eustachio
  5874 | D:5      | Killed Eustachio
  5875 | D:5      | Reached skill level 1 in Necromancy
  6026 | D:6      | Reached skill level 1 in Invocations
  6036 | D:6      | Found a glowing drain.
  6041 | Sewer    | Entered a sewer
  6072 | Sewer    | Reached * piety under Cheibriados
  6073 | Sewer    | Reached XP level 8. HP: 46/61 MP: 10/10
  6286 | Sewer    | Reached ** piety under Cheibriados
  6389 | D:6      | Reached skill level 5 in Long Blades
  6394 | D:6      | Found a sand-covered staircase.
  6404 | Ossuary  | Entered an ossuary
  6792 | Ossuary  | Reached skill level 5 in Armour
  6797 | Ossuary  | Reached skill level 5 in Fighting
  6904 | Ossuary  | Reached *** piety under Cheibriados
  6924 | Ossuary  | Gained mutation: When hurt, damage is shared between your
                  | health and your magic reserves. [demonic ancestry]
  6924 | Ossuary  | Reached XP level 9. HP: 62/68 MP: 12/12
  7073 | D:6      | Found Pynuinin's Armour Shop.
  7218 | D:6      | Reached skill level 5 in Shields
  7301 | D:6      | Found the +2 hood of the Assassin {Detection Stab+ Stlth++}
  8146 | D:7      | Reached **** piety under Cheibriados
  8380 | D:7      | Found a staircase to the Ecumenical Temple.
  8950 | D:8      | Found a staircase to the Lair.
  9097 | D:8      | Found the +8 Vampire's Tooth {vamp}
  9455 | D:8      | You fall into a shaft and drop 3 floors!
  9455 | D:11     | Noticed a kobold demonologist
  9463 | D:11     | Noticed a rust devil
  9467 | D:11     | Noticed a sixfirhy
  9468 | D:11     | Killed a kobold demonologist
  9474 | D:11     | Gained mutation: You have hoof-like feet. [demonic
                  | ancestry]
  9474 | D:11     | Reached XP level 10. HP: 76/76 MP: 15/15
  9483 | D:11     | Killed a two-headed ogre
  9666 | D:10     | Entered Level 10 of the Dungeon
  9778 | D:10     | Reached skill level 5 in Invocations
  9871 | D:10     | Noticed a two-headed ogre
  9886 | D:10     | Killed a two-headed ogre
  9886 | D:10     | Reached ***** piety under Cheibriados
 10165 | D:10     | Found a radiant altar of Vehumet.
 10168 | D:10     | Got Vehumet's Guide on Confrontation
 10170 | D:10     | Found an ancient bone altar of Kikubaaqudgha.
 10171 | D:10     | Found a shimmering blue altar of Sif Muna.
 10214 | D:10     | Found an ornate altar of the Wu Jian Council.
 10495 | D:9      | Noticed a gargoyle
 10510 | D:9      | Killed a gargoyle
 10511 | D:9      | Reached skill level 5 in Necromancy
 10518 | D:9      | Found Muliv's Antique Weapon Boutique.
 10673 | D:9      | Noticed a gargoyle
 10674 | D:9      | Reached XP level 11. HP: 83/83 MP: 13/17
 10706 | D:9      | Found a basalt altar of Yredelemnul.
 10718 | D:9      | Found a flagged portal.
 10725 | D:9      | Noticed Psyche
 10727 | Bailey   | Entered a bailey
 10789 | Bailey   | Noticed an orc knight
 10806 | Bailey   | Noticed an orc knight
 10890 | Bailey   | Killed an orc knight
 10891 | Bailey   | Reached skill level 1 in Throwing
 11115 | Bailey   | Noticed an orc knight
 11185 | Bailey   | Killed an orc knight
 11185 | Bailey   | Killed an orc knight
 11256 | Bailey   | Identified the +4 pair of boots of Indomitability {rF-
                  | Int+6}
 11310 | D:9      | Killed Psyche
 11421 | D:9      | Reached skill level 5 in Spellcasting
 11457 | D:9      | Found a staircase to the Orcish Mines.
 11821 | D:9      | Found a burning altar of Makhleb.
 12350 | Lair:1   | Entered Level 1 of the Lair of Beasts
 12421 | Lair:1   | Reached skill level 5 in Dodging
 12755 | Lair:1   | Noticed a six-headed hydra
 12765 | Lair:1   | Killed a six-headed hydra
 13504 | D:11     | Noticed a boulder beetle
 13527 | D:11     | Killed a boulder beetle
 13528 | D:11     | Gained mutation: You are mostly covered in icy blue scales.
                  | (AC +3) [demonic ancestry]
 13528 | D:11     | Reached XP level 12. HP: 69/91 MP: 16/20
 13965 | D:11     | Noticed a two-headed ogre
 13971 | D:11     | Killed a two-headed ogre
 14350 | D:12     | Noticed an eight-headed hydra
 14359 | D:12     | Reached ****** piety under Cheibriados
 14366 | D:12     | Killed an eight-headed hydra
 14367 | D:12     | Reached skill level 5 in Short Blades
 14884 | D:12     | Found a portal to a secret trove of treasure.
 15551 | D:13     | Found a sacrificial altar of Ru.
 15567 | D:13     | Noticed Frances
 15580 | D:13     | Killed from afar by Frances

Illustrated notes

Levels and vault maps discovered:
D:1:      dpeg_arrival_boxorama, layout_rooms, supply_closet_lemuel
D:2:      layout_basic, hellmonk_ecumenical_altar_pennies_from_heaven,
          serial_shops, nicolae_square_shop, nicolae_lakefront_shop, shop, shop,
          uniq_terence, uniq_sigmund
D:3:      layout_basic
D:4:      layout_loops_ring, fedhas_altar_fruit_tree, grunt_decor_cap
D:5:      layout_basic, pf_just_have_faith, mainiacjoe_overflow_catch_the_wave,
          uniq_eustachio
D:6:      layout_cave_pools, enter_ossuary_1, portal_sewer_entry_c,
          nicolae_stop_n_shop_1, chequers_serial_rivers_micro_b,
          minmay_misc_feat_more_columns, minmay_misc_feat_iff,
          serial_bayou_pond_e, lemuel_flamethrower_2
D:7:      layout_cave_pods, minmay_temple_entry_ruins, serial_column_ruins,
          column_ruins_hut, column_ruins_hut, column_ruins_columns_straight,
          column_ruins_open_tiny, column_ruins_open_tiny,
          column_ruins_open_large
D:8:      layout_loops_corners, dpeg_oklobed_lair
D:9:      layout_basic, lightli_temple_of_fire, orc_0_dummy, enter_bailey_2,
          serial_shops, kennysheep_mini_moat, minmay_ruined_shrine, uniq_psyche
D:10:     layout_irregular_city, grunt_temple_overflow_magic_moments,
          kennysheep_mini, mainiacjoe_overflow_concentric_impassable,
          st_stairs_2, hangedman_decor_riveting
D:11:     layout_basic, lemuel_nasty_fountain
D:12:     layout_stronghold, trove_entry_hex_spiral, wad_floor_pattern_2
D:13:     layout_grid_maze, hangedman_vaults_entry_quadrant_bands,
          gauntlet_entry_generic, nicolae_ru_awakened_eye, uniq_frances,
          uniq_snorg
Lair:1:   layout_roguey, grunt_megastairs_2

Skill      XL: |  1  2  3  4  5  6  7  8  9 10 11 12 |
---------------+-------------------------------------+-----
Armour         | 3 4 5 6 7 |  7.0
Long Blades    | 2 3 4 5 7 8 |  8.7
Shields        | 3 4 5 6 7 |  7.6
Fighting       | 4 5 6 7 |  7.9
Short Blades   | 1 2 3 4 5 |  5.4
Spellcasting   | 1 2 3 4 5 6 |  6.1
Dodging        | 1 2 3 4 5 |  5.9
Necromancy     | 1 2 4 5 6 7 |  7.2
Invocations    | 1 3 4 6 7 8 |  8.4
Throwing       | 2 |  2.6
Stealth        | |  0.2
Evocations     | |  0.6

Action                   |  1- 3 |  4- 6 |  7- 9 | 10-12 || total
-------------------------+-------+-------+-------+-------++-------
Melee: Long sword        |    67 |    77 |   493 |       ||   637
       Kick              |     8 |    39 |   250 |   371 ||   668
       Short sword       |       |    90 |       |       ||    90
       Dagger            |       |       |    82 |       ||    82
       Quick blade       |       |       |    18 |   592 ||   610
Throw: Boomerang         |       |       |       |    92 ||    92
       Dart              |       |       |       |     1 ||     1
Invok: Slouch            |       |       |       |     6 ||     6
Evoke: Wand              |       |       |       |    11 ||    11
       Phial of floods   |       |       |       |     2 ||     2
  Use: Potion            |     4 |       |     9 |     1 ||    14
       Scroll            |       |       |     9 |     6 ||    15
 Stab: Invisible         |       |       |     1 |       ||     1
Armor: Scale mail        |    22 |    63 |       |       ||    85
       Skin              |    16 |     1 |     9 |       ||    26
       Crystal plate arm |       |       |   711 |   263 ||   974
Dodge: Dodged            |    25 |    42 |    74 |   104 ||   245
Block: Kite shield       |    30 |    78 |   551 |   301 ||   960
       Rpst.: Long sword |     9 |     7 |    18 |       ||    34

Table legend: (Time is in decaauts)
 A = Elapsed time spent in this place.
 B = Non-inter-level travel time spent in this place.
 C = Inter-level travel time spent in this place.
 D = Time resting spent in this place.
 E = Time spent auto-exploring this place.
 F = Levels seen in this place.
 G = Mean time per level.
                   A        B        C        D        E       F      G
               +--------+--------+--------+--------+--------+-----+--------+
         Total |  21292 |  20249 |   1043 |   1020 |  15300 |  17 | 1252.5 |
       Dungeon |  17913 |  17002 |    911 |   1020 |  13455 |  13 | 1377.9 |
          Lair |   1278 |   1146 |    132 |      0 |   1060 |   1 | 1278.0 |
         Sewer |    478 |    478 |      0 |      0 |      0 |   1 |  478.0 |
       Ossuary |    758 |    758 |      0 |      0 |    435 |   1 |  758.0 |
        Bailey |    863 |    863 |      0 |      0 |    348 |   1 |  863.0 |
               +--------+--------+--------+--------+--------+-----+--------+

Top non-repeatable levels by time:
    D:12: 2127 daAuts
     D:5: 2046 daAuts
    D:11: 1962 daAuts
     D:7: 1686 daAuts
     D:8: 1677 daAuts
     D:9: 1654 daAuts
    D:10: 1297 daAuts
  Lair:1: 1278 daAuts
     D:2: 1179 daAuts
     D:4: 1149 daAuts
     D:6: 1100 daAuts
     D:3: 957 daAuts
     D:1: 946 daAuts
  Bailey: 863 daAuts
 Ossuary: 758 daAuts
